 Dungeon Crawl Stone Soup version 0.32-a0-999-gfa1cc04b1d (webtiles) character file.

Game seed: 17492853874730777215

557 ragingrage the Trooper (level 6, -4/52 HPs)
             Began as a Demigod Shapeshifter on Apr 25, 2024.
             Slain by an ogre
             ... wielding a +0 giant club
              (28 damage)
             ... on level 4 of the Dungeon.
             The game lasted 00:06:59 (4465 turns).

ragingrage the Trooper (Demigod Shapeshifter)       Turns: 4465, Time: 00:07:00

Health: -4/52      AC: 10    Str: 19    XL:     6   Next: 81%
Magic:  0/8        EV:  5    Int: 12    God:
Gold:   188        SH:  0    Dex: 17    Spells: 5/5 levels left

rFire   . . .        b - +2 dagger (venom)
rCold   . . .        (no shield)
rNeg    . . .        k - +0 plate armour
rPois   .            (helmet currently unavailable)
rElec   .            (cloak currently unavailable)
rCorr   .            (gloves currently unavailable)
SInv    +            (boots currently unavailable)
Will    .....        v - amulet of guardian spirit Stlth
                     y - ring of see invisible
HPRegen 0.28/turn    (no ring)
MPRegen 0.11/turn

%: guardian spirit
@: beast-form, hasted, very quick
A: beast (slay +2), high MP 1, forlorn, divine attributes
a: Begin Untransformation


You were on level 4 of the Dungeon.
You were a hulking beast.
You visited 1 branch of the dungeon, and saw 5 of its levels.
You also visited: Sewer.

You collected 188 gold pieces.

Inventory:

Hand Weapons
 b - a +2 dagger of venom (weapon)
Armour
 e - a +0 pair of gloves
 f - a +0 ring mail
 j - a +0 cloak
 k - a +0 plate armour (worn)
 m - a +0 helmet
 A - a +1 pair of boots of rampaging
Jewellery
 o - an amulet of magic regeneration
 v - an amulet of guardian spirit (around neck)
 y - a ring of see invisible (left hand)
Talismans
 c - a beast talisman (active)
 d - a flux talisman
Scrolls
 g - 2 scrolls of identify {unknown}
 h - a scroll of fear {unknown}
 i - a scroll of fog {unknown}
 p - a scroll of enchant weapon {unknown}
 q - 3 scrolls of butterflies {unknown}
 r - a scroll of teleportation {unknown}
 s - a scroll of immolation {unknown}
 u - a scroll of acquirement {unknown}
 w - a scroll of poison {unknown}
 x - 2 scrolls of enchant armour {unknown}
 z - a scroll of blinking {unknown}
Potions
 a - a potion of haste
 l - 3 potions of degeneration {unknown}
 n - a potion of might {unknown}
 t - a potion of curing {unknown}


   Skills:
 - Level 4.0 Fighting
 - Level 2.0 Short Blades
 - Level 3.1 Dodging
 - Level 2.0 Stealth
 - Level 3.3 Unarmed Combat
 + Level 3.9 Shapeshifting


You had 5 spell levels left.
You didn't know any spells.
Your spell library contained the following spells:

 Spells                   Type           Power      Damage    Failure   Level
 Freeze                   Ice            0%         1d3       100%        1
 Call Imp                 Summ           0%         N/A       100%        2
 Sublimation of Blood     Necr           0%         N/A       100%        2
 Frozen Ramparts          Ice            0%         1d1       100%        3
 Hailstorm                Conj/Ice       0%         3d5       100%        3
 Tukima's Dance           Hex            0%         N/A       100%        3
 Dimensional Bullseye     Hex/Tloc       0%         N/A       100%        4
 Iskenderun's Mystic Bla Conj/Tloc 0%             2d3        (+2d1     100%        4
 Summon Hydra             Summ           0%         N/A       100%        7


Dungeon Overview and Level Annotations

Branches:
Dungeon (5/15)             Temple (0/1) D:4           Sewer (visited)

Annotations:
D:4 exclusion: downstairs
D:5 Edmund


Innate Abilities, Weirdness & Mutations

You are a hulking beast.
Your limbs bulge with bestial killing power. (Slay +2)
You have an increased reservoir of magic. (+10% MP)
You shall have no god before yourself.
Your divine heritage dramatically boosts your attributes as you level up.


Message History

You see here a howler monkey corpse.
There is an open door here.
There is a stone staircase leading down here.
Press: ? - help, v - describe, . - travel A stone staircase leading down.
Unknown command.
You climb downwards.
Level annotation: Edmund The adder hisses angrily.
There is a stone staircase leading up here.
Unknown command.
The adder barely misses you. The adder barely misses you.
You climb upwards.
Level annotation: exclusion: downstairs
There is a stone staircase leading down here.
You hit the adder.
The adder is poisoned.
The adder bites you but does no damage.
You hit the adder.
The adder looks as sick as possible!
You kill the adder!
No target in view!
No target in view!
There is an open door here.
There is a staircase to the Ecumenical Temple here.
There is an open door here.
There is a stone staircase leading down, spattered with blood here.
You climb downwards.
Level annotation: Edmund The ogre shouts!
The ogre hits you with a +0 giant club!!
There is a stone staircase leading up, spattered with blood here.
Unknown command.
The ogre hits you with a +0 giant club!
You climb upwards.
Level annotation: exclusion: downstairs
There is a stone staircase leading down, spattered with blood here.
It was a potion of haste.
You feel yourself speed up.
The ogre hits you with a +0 giant club!!
Ouch! That really hurt!
You die...

##### ##### ##########...#
#<..# #............# #####.#
###.#####....# #.....# #######
#.....)....###'##### #.....#
#######....#.......# #.###.#
#.....#....#.......# #.# #.#
#.###.#............#####.###.#
#.# #........h.....'..........
#.#####..#.#O.)....##.#..###..
#.....####.#.......##.#.......
#####.#....##...#####....##...
#...#.#######.# #######.....
###.#.#.....#.# #.......#...
#..#....##.#.# #.......##..
#.##.....#.#.###.......##..
##....#.....#..##.......###.


You could see an ogre.

Vanquished Creatures
  Pargi (Sewer)
  A scorpion (D:4)
  A howler monkey (D:4)
  A hound (D:4)
  An orc priest (D:4)
  2 iguanas
  Natasha (thrice) (D:2)
  Robin (D:2)
  2 gnolls
  3 adders
  2 ribbon worms (D:3)
  2 dart slugs
  5 orcs
  15 ball pythons
  6 endoplasms
  8 giant cockroaches
  17 goblins
  9 hobgoblins
  13 jackals
  A quokka (D:3)
  4 bats
  3 frilled lizards (D:1)
  6 kobolds
  2 rats
109 creatures vanquished.

Notes
Turn   | Place    | Note
-------+----------+-------------------------------------------
     0 | D:1      | ragingrage the Demigod Shapeshifter began the quest for the
                  | Orb.
     0 | D:1      | Reached XP level 1. HP: 15/15 MP: 3/3
   230 | D:1      | Reached skill level 1 in Stealth
   241 | D:1      | Reached XP level 2. HP: 22/22 MP: 4/4
   862 | D:1      | Reached XP level 3. HP: 27/27 MP: 5/5
  1162 | D:2      | Reached skill level 1 in Fighting
  1203 | D:2      | Noticed Robin
  1261 | D:2      | Killed Robin
  1332 | D:2      | Reached XP level 4. HP: 34/35 MP: 6/6
  1574 | D:2      | Noticed Natasha
  1587 | D:2      | Killed Natasha
  1600 | D:2      | Reached skill level 2 in Fighting
  1813 | D:2      | Noticed Natasha
  1828 | D:2      | Killed Natasha
  2105 | D:2      | Noticed Natasha
  2116 | D:2      | Killed Natasha
  2117 | D:2      | Reached XP level 5. HP: 32/41 MP: 7/7
  2643 | D:3      | Reached skill level 1 in Short Blades
  3316 | D:4      | Reached skill level 3 in Fighting
  3318 | D:4      | Reached XP level 6. HP: 51/51 MP: 8/8
  3466 | D:4      | Found a glowing drain.
  3482 | Sewer    | Entered a sewer
  3516 | Sewer    | Noticed Pargi
  3528 | Sewer    | Killed Pargi
  3678 | D:4      | Found a staircase to the Ecumenical Temple.
  3877 | D:4      | Reached skill level 4 in Fighting
  4112 | D:5      | Entered Level 5 of the Dungeon
  4122 | D:5      | Noticed Edmund
  4465 | D:4      | Slain by an ogre

Illustrated notes

Levels and vault maps discovered:
D:1:      sevenhm_arrival_forest_fort_small_4, layout_basic,
          minmay_misc_feat_plants
D:2:      layout_loops_corners, uniq_natasha, uniq_robin
D:3:      layout_basic
D:4:      layout_basic, kiku_gazebo_garden_becter, minmay_temple_entry_hall,
          portal_sewer_entry_a, grunt_ministairs_3
D:5:      layout_basic, serial_shops, shop, nrook_pool_corridor,
          serial_bayou_lagoon_a, uniq_crazy_yiuf_cottage, uniq_menkaure,
          uniq_edmund, uniq_grinder

Skill      XL: |  1  2  3  4  5  6 |
---------------+-------------------+-----
Stealth        | 1 2 |  2.0
Unarmed Combat | 3 |  3.3
Fighting       | 1 2 3 4 |  4.0
Dodging        | 2 3 |  3.1
Shapeshifting  | 3 |  3.9
Short Blades   | 1 2 |  2.0

Action                     |  1- 3 |  4- 6 || total
---------------------------+-------+-------++-------
  Melee: Unarmed           |    64 |       ||    64
         Punch             |     1 |       ||     1
         Dagger            |    56 |   179 ||   235
    Use: Potion            |     1 |     1 ||     2
   Stab: Sleeping          |     1 |       ||     1
 Armour: Animal skin       |     7 |       ||     7
         Ring mail         |    34 |       ||    34
         Skin              |     2 |       ||     2
         Plate armour      |    55 |   168 ||   223
  Dodge: Dodged            |    59 |    43 ||   102

Table legend: (Time is in decaauts)
 A = Elapsed time spent in this place.
 B = Non-inter-level travel time spent in this place.
 C = Inter-level travel time spent in this place.
 D = Time resting spent in this place.
 E = Time spent auto-exploring this place.
 F = Levels seen in this place.
 G = Mean time per level.
                   A        B        C        D        E       F      G
               +--------+--------+--------+--------+--------+-----+--------+
         Total |   4470 |   4112 |    358 |    232 |   3096 |   6 |  745.0 |
       Dungeon |   4295 |   3937 |    358 |    182 |   3014 |   5 |  859.0 |
         Sewer |    175 |    175 |      0 |     50 |     81 |   1 |  175.0 |
               +--------+--------+--------+--------+--------+-----+--------+

Top non-repeatable levels by time:
     D:2: 1152 daAuts
     D:4: 1111 daAuts
     D:1: 980 daAuts
     D:3: 976 daAuts
   Sewer: 175 daAuts
     D:5: 73 daAuts
